 Dungeon Crawl Stone Soup version 0.18.1-2-ga659475 (webtiles) character file.

22 oplop the Sneak (level 2, 0/13 HPs)
             Began as a Spriggan Enchanter on May 8, 2016.
             Slain by a hobgoblin
             ... wielding a +0 club
              (3 damage)
             ... on level 1 of the Dungeon.
             The game lasted 00:01:09 (394 turns).

oplop the Sneak (Spriggan Enchanter)                 Turns: 394, Time: 00:01:09

Health: 0/13       AC:  3    Str:  4    XL:     2   Next: 68%
Magic:  5/6        EV: 18    Int: 16    God:
Gold:   21         SH:  0    Dex: 16    Spells: 1 memorised, 5 levels left

rFire  . . .     SeeInvis +     a - +1 dagger
rCold  . . .     Gourm    .     b - +1 robe
rNeg   . . .     Faith    .     (shield restricted)
rPois  .         Spirit   .     (helmet restricted)
rElec  .         Dismiss  .     (no cloak)
rCorr  .         Reflect  .     (gloves unavailable)
SustAt .         Harm     .     (boots unavailable)
MR     .....                    (no amulet)
Stlth  +++.......               (no ring)
                                (no ring)

@: very quick, not resistant to hostile enchantments, fairly stealthy
A: unfitting armour, see invisible, herbivore 3, speed 3, slow metabolism 2
a: no special abilities


You were on level 1 of the Dungeon.
You were not hungry.

You visited 1 branch of the dungeon, and saw 1 of its levels.

You collected 21 gold pieces.

Inventory:

Hand Weapons
 a - a +1 dagger (weapon)
Armour
 b - a +1 robe (worn)
Scrolls
 f - 2 scrolls of identify {unknown}
 h - a scroll of teleportation {unknown}
Potions
 e - a potion of haste {unknown}
 g - a potion of might {unknown}
Books
 c - a book of Maledictions

   Spells                             Type                      Level
   a - Corona                         Hexes                        1
   b - Ensorcelled Hibernation        Hexes/Ice                    2
   c - Confuse                        Hexes                        3
   d - Tukima's Dance                 Hexes                        3
   e - Dazzling Spray                 Conjuration/Hexes            3
Comestibles
 d - a bread ration


   Skills:
 - Level 1.1 Short Blades
 + Level 3.5 Dodging
 + Level 4.6 Stealth
 + Level 2.9 Spellcasting
 + Level 4.2 Hexes


You had 5 spell levels left.
You knew the following spells:

 Your Spells              Type           Power        Failure   Level  Hunger
a - Corona                Hex            ###....      3%          1    #......


Dungeon Overview and Level Annotations

Branches:
Dungeon (1/15)

Altars:


Innate Abilities, Weirdness & Mutations

You are tiny and cannot use many weapons and most armour.
You have supernaturally acute eyesight.
You are a herbivore.
You cover ground extremely quickly.
You need consume almost no food.


Message History

An ooze is nearby!
Casting: Corona
Confirm with . or Enter, or press ? or * to list all spells.
Aiming: Corona
Press: ? - help, Shift-Dir - straight line, f - hobgoblin
Aim: a hobgoblin, wielding a club (hasn't noticed you, chance to defeat MR: 85%)
The hobgoblin shouts!
The hobgoblin is outlined in light.
You hit the hobgoblin.
The hobgoblin is moderately wounded.
The hobgoblin completely misses you.
You hit the hobgoblin but do no damage.
The hobgoblin is moderately wounded.
The hobgoblin barely misses you.
You closely miss the hobgoblin.
The hobgoblin is lightly wounded.
You hit the hobgoblin but do no damage.
The hobgoblin is lightly wounded.
The hobgoblin stops glowing.
The hobgoblin hits you with a club.
You die...

#######.#J ..........#.#
##...........##
#.#)#.#.#.#g#.####
##........J....... .
#.#.#.#.#.#.#.#.#
#.###...........g...#
##...#.#.#.#.#.#@#.#.#
#....................#
....#.#.#.#.#.#.#.#.#.#
##....................
#.#.#.#.#.#.#.#.#.#.#.#
#.........†............#
..#.#.#†#)#†#.#.#.#.#.#
#......................#
#..#.#.#.#.#.#.#.#.#.#..


You could see an ooze and a hobgoblin.

Vanquished Creatures
  An ooze (D:1)
  A giant gecko (D:1)
  A giant cockroach (D:1)
  3 goblins (D:1)
  2 hobgoblins (D:1)
  2 bats (D:1)
  2 giant newts (D:1)
  3 kobolds (D:1)
  2 rats (D:1)
17 creatures vanquished.

Notes
Turn   | Place    | Note
--------------------------------------------------------------
     0 | D:1      | oplop the Spriggan Enchanter began the quest for the Orb.
     0 | D:1      | Reached XP level 1. HP: 9/9 MP: 5/5
   146 | D:1      | Reached XP level 2. HP: 11/13 MP: 6/6
   394 | D:1      | Slain by a hobgoblin

Skill      XL: |  1  2 |
---------------+-------+-----
Hexes          | 4 |  4.2
Short Blades   | |  1.1
Dodging        | |  3.5
Stealth        | |  4.6
Spellcasting   | |  2.9

Action                   || total
-------------------------++-------
Melee: Dagger            ||    49
 Cast: Corona            ||     5
 Stab: Sleeping          ||     4
Armor: Robe              ||    10
Dodge: Dodged            ||    38
